 Dungeon Crawl Stone Soup version 0.21.1-1-g345015f (webtiles) character file.

123 tyranidshit the Skirmisher (level 4, -2/39 HPs)
             Began as a Demonspawn Abyssal Knight on July 26, 2018.
             Was a Believer of Lugonu.
             Slain by a hound (5 damage)
             ... on level 3 of the Dungeon.
             The game lasted 00:03:46 (1874 turns).

tyranidshit the Skirmisher (DsAK)                   Turns: 1874, Time: 00:03:47

Health: -2/39      AC:  6    Str: 13    XL:     4   Next: 80%
Magic:  5/5        EV: 11    Int: 14    God:    Lugonu [**....]
Gold:   161        SH:  0    Dex: 12    Spells: 3/3 levels left

rFire    . . .     SeeInvis +   a - +1 hand axe
rCold    . . .     Gourm    .   (no shield)
rNeg     . . .     Faith    .   b - +0 leather armour
rPois    .         Spirit   .   (helmet restricted)
rElec    .         Reflect  .   (no cloak)
rCorr    .         Harm     .   (no gloves)
MR       .....                  d - +0 pair of boots
Stlth    +.........             (no amulet)
HPRegen  0.13/turn              g - ring of see invisible
MPRegen  0.09/turn              (no ring)

@: no status effects
A: horns 1, molten scales 1
a: Depart the Abyss, Bend Space, Renounce Religion


You were on level 3 of the Dungeon.
You worshipped Lugonu.
Lugonu was pleased with you.
You were not hungry.

You visited 1 branch of the dungeon, and saw 3 of its levels.
You visited the Abyss 1 time.

You collected 161 gold pieces.

Inventory:

Hand Weapons
 a - a +1 hand axe (weapon)
Armour
 b - a +0 leather armour (worn)
 d - a +0 pair of boots (worn)
 k - a +0 hat
Jewellery
 g - a ring of see invisible (left hand)
Wands
 i - a wand of paralysis (13)
Scrolls
 e - 2 scrolls of identify
Potions
 f - a potion of flight
Books
 h - a book of Maledictions

   Spells                             Type                      Level
   a - Corona                         Hexes                        1
   b - Ensorcelled Hibernation        Hexes/Ice                    2
   c - Confuse                        Hexes                        3
   d - Tukima's Dance                 Hexes                        3
   e - Dazzling Spray                 Conjuration/Hexes            3
Comestibles
 c - 6 rations


   Skills:
 - Level 5.0 Fighting
 - Level 1.7 Axes
 + Level 2.3 Armour
 - Level 0.8 Dodging
 - Level 2.4 Invocations
 + Level 1.3 Evocations


You had 3 spell levels left.
You didn't know any spells.

Dungeon Overview and Level Annotations

Branches:
Dungeon (3/15)

Altars:


Innate Abilities, Weirdness & Mutations

You have a pair of small horns on your head.
You are partially covered in molten scales. (AC +2)


Message History

The hound bites you.
* * * LOW HITPOINT WARNING * * *
The hound bites you but does no damage. The hound bites you.
* * * LOW HITPOINT WARNING * * *
There is an open door here.
The hound completely misses you. The hound bites you but does no damage.
The hound bites you.
* * * LOW HITPOINT WARNING * * *
The hound bites you but does no damage. The hound bites you but does no damage.
The hound completely misses you. The hound closely misses you.
The hound bites you.
* * * LOW HITPOINT WARNING * * *
The hound bites you but does no damage. The hound closely misses you.
The hound bites you.
You die...

#.# #............... #.#
#............### #o#
#......†.....# # #.#######
#............# # #o#.....#
#............# # #o##.##o#
#............### #.##.##.#
#............'..
#.##o##.#####............###
#....#..o.h@.....#########
##################


You could see a hound and an orc.

Vanquished Creatures
  6 adders
  2 oozes
  A worm (D:2)
  3 orcs (D:3)
  3 giant cockroaches
  8 goblins
  9 hobgoblins
  6 jackals
  5 bats
  A frilled lizard (D:2)
  6 kobolds
  3 rats
53 creatures vanquished.

Notes
Turn   | Place    | Note
-------+----------+-------------------------------------------
     0 | Abyss:1  | tyranidshit the Demonspawn Abyssal Knight began the quest for the Orb.
     0 | Abyss:1  | Reached XP level 1. HP: 18/18 MP: 2/2
    34 | Abyss:1  | Noticed a large abomination
    62 | D:1      | Escaped the Abyss
   110 | D:1      | Gained mutation: You are partially covered in molten scales. (AC +2) [demonic ancestry]
   110 | D:1      | Reached XP level 2. HP: 20/24 MP: 3/3
   156 | D:1      | Reached * piety under Lugonu
   268 | D:1      | Reached skill level 4 in Fighting
   383 | D:1      | Reached XP level 3. HP: 29/30 MP: 4/4
  1067 | D:2      | Reached ** piety under Lugonu
  1093 | D:2      | Gained mutation: You have a pair of small horns on your head. [demonic ancestry]
  1093 | D:2      | Reached XP level 4. HP: 20/38 MP: 5/5
  1364 | D:2      | Reached skill level 5 in Fighting
  1765 | D:3      | Reached skill level 1 in Evocations
  1874 | D:3      | Slain by a hound

Skill      XL: |  1  2  3  4 |
---------------+-------------+-----
Fighting       | 4 5 |  5.0
Armour         | 2 |  2.3
Evocations     | 1 |  1.3
Axes           | |  1.7
Dodging        | |  0.8
Invocations    | |  2.4

Action                   |  1- 3 |  4- 6 || total
-------------------------+-------+-------++-------
Melee: Hand axe          |   109 |    44 ||   153
       Headbutt          |       |     9 ||     9
Invok: Depart the Abyss  |     1 |       ||     1
Evoke: Wand              |     1 |       ||     1
  Use: Potion            |     5 |     1 ||     6
       Scroll            |     3 |       ||     3
 Stab: Paralysed         |     2 |       ||     2
  Eat: Ration            |     1 |       ||     1
Armor: Leather armour    |    47 |    26 ||    73
Dodge: Dodged            |    86 |    43 ||   129
